| TOP OF THE 1ST |
|
Nashville Sounds batting - Pitching for Tacoma Rainiers : RHP Amine Laurent
|
|
Pitching: RHP Amine Laurent
|
|
|
Batting: LHB Zachary DeLuca
|
0-0: Called Strike 0-1: Foul Ball, location: 2F 0-2: Ball 1-2: Ground out 6-3 (Groundball, 6, EV 104.4 MPH)
|
|
Batting: RHB Robby Godwin
|
0-0: Swinging Strike 0-1: Ball 1-1: Called Strike 1-2: Ball 2-2: Ball 3-2: Foul Ball, location: 2F 3-2: Strikes out looking
|
|
Batting: RHB Chris Stillions
|
0-0: Called Strike 0-1: Swinging Strike 0-2: Ball 1-2: Ball 2-2: Foul Ball, location: 2F 2-2: Strikes out swinging
|
| Top of the 1st over - 0 runs, 0 hits, 0 errors, 0 left on base; Nashville 0 - Tacoma 0 |
| BOTTOM OF THE 1ST |
|
Tacoma Rainiers batting - Pitching for Nashville Sounds : RHP Reynaldo Edwards
|
|
Pitching: RHP Reynaldo Edwards
|
|
|
Batting: RHB Tatsunori Hayakawa
|
0-0: Called Strike 0-1: Swinging Strike 0-2: Ground out 4-3 (Groundball, 4, EV 83.1 MPH)
|
|
Batting: RHB Kumar Madugula
|
0-0: Called Strike 0-1: Ball 1-1: Ball 2-1: Called Strike 2-2: Ball 3-2: Strikes out swinging
|
|
Batting: RHB Kevin Chafe
|
0-0: Ball 1-0: Reached on error, E6 (Groundball, 6, EV 87.5 MPH)
|
|
Batting: LHB Caleb Domino
|
0-0: Called Strike 0-1: Ball 1-1: Ball 2-1: Ball 3-1: Called Strike 3-2: Ground out 4-3 (Groundball, 4, EV 77.5 MPH)
|
| Bottom of the 1st over - 0 runs, 0 hits, 1 error, 1 left on base; Nashville 0 - Tacoma 0 |
| TOP OF THE 2ND |
|
Nashville Sounds batting - Pitching for Tacoma Rainiers : RHP Amine Laurent
|
|
Batting: RHB Dusty Thompson
|
0-0: Fly out, F1 (Line Drive, P, EV 70.0 MPH)
|
|
Batting: SHB Rich Muniz
|
0-0: Ground out 4-3 (Groundball, 4, EV 81.2 MPH)
|
|
Batting: RHB Jorge Bernal
|
0-0: Ball 1-0: Swinging Strike 1-1: Ball 2-1: Fly out, F9 (Flyball, 9LD, EV 105.0 MPH)
|
| Top of the 2nd over - 0 runs, 0 hits, 0 errors, 0 left on base; Nashville 0 - Tacoma 0 |
| BOTTOM OF THE 2ND |
|
Tacoma Rainiers batting - Pitching for Nashville Sounds : RHP Reynaldo Edwards
|
|
Batting: RHB Bill Vives
|
0-0: Called Strike 0-1: Foul Ball, location: 2F 0-2: Ball 1-2: Fly out, F7 (Flyball, 78S, EV 75.6 MPH)
|
|
Batting: RHB David Aguilar
|
0-0: Ball 1-0: Swinging Strike 1-1: Foul Ball, location: 2F 1-2: Ball 2-2: Ball 3-2: Foul Ball, location: 2F 3-2: Base on Balls
|
|
Batting: RHB Jim Begger
|
0-0: Called Strike David Aguilar steals 2nd base (no throw) 0-1: Ball 1-1: Ball 2-1: Foul Ball, location: 2F 2-2: Strikes out looking
|
|
Batting: RHB Sumiki Ryu
|
0-0: Ball 1-0: Foul Ball, location: 2F 1-1: Called Strike 1-2: Strikes out swinging
|
| Bottom of the 2nd over - 0 runs, 0 hits, 0 errors, 1 left on base; Nashville 0 - Tacoma 0 |
| TOP OF THE 3RD |
|
Nashville Sounds batting - Pitching for Tacoma Rainiers : RHP Amine Laurent
|
|
Batting: SHB Josh Thorpe
|
0-0: Fly out, F8 (Flyball, 8LS, EV 95.6 MPH)
|
|
Batting: RHB Hyeong-uk Lyang
|
0-0: SINGLE (Groundball, 34D, EV 97.5 MPH)
|
|
Batting: RHB Dunlang Clark
|
0-0: Ball 1-0: Ball 2-0: Called Strike 2-1: Ground out 3-1 (Groundball, 34S, EV 78.8 MPH) Hyeong-uk Lyang to second
|
|
Batting: LHB Zachary DeLuca
|
0-0: Called Strike 0-1: SINGLE (Line Drive, 34D, EV 103.8 MPH) Hyeong-uk Lyang to third Runner from 3rd tries for Home, throw by RF and OUT! 9-2
|
| Top of the 3rd over - 0 runs, 2 hits, 0 errors, 1 left on base; Nashville 0 - Tacoma 0 |
| BOTTOM OF THE 3RD |
|
Tacoma Rainiers batting - Pitching for Nashville Sounds : RHP Reynaldo Edwards
|
|
Batting: RHB Matt Berkley
|
0-0: Ball 1-0: Foul Ball, location: 2F 1-1: Swinging Strike 1-2: Strikes out swinging
|
|
Batting: RHB Tatsunori Hayakawa
|
0-0: Ball 1-0: Ball 2-0: Foul Ball, location: 2F 2-1: Foul Ball, location: 2F 2-2: Strikes out swinging
|
|
Batting: RHB Kumar Madugula
|
0-0: Ball 1-0: Called Strike 1-1: Ground out 3-1 (Groundball, 34, EV 85.0 MPH)
|
| Bottom of the 3rd over - 0 runs, 0 hits, 0 errors, 0 left on base; Nashville 0 - Tacoma 0 |
| TOP OF THE 4TH |
|
Nashville Sounds batting - Pitching for Tacoma Rainiers : RHP Amine Laurent
|
|
Batting: RHB Robby Godwin
|
0-0: Ball 1-0: Ball 2-0: Foul Ball, location: 2F 2-1: Swinging Strike 2-2: Foul Ball, location: 2F 2-2: Ball 3-2: Fly out, F9 (Flyball, 9LD, EV 98.1 MPH)
|
|
Batting: RHB Chris Stillions
|
0-0: Ball 1-0: Ball 2-0: Called Strike 2-1: Ball 3-1: Base on Balls
|
|
Batting: RHB Dusty Thompson
|
0-0: Foul Ball, location: 2F 0-1: Foul Ball, location: 2F 0-2: Foul Ball, location: 2F 0-2: Ball 1-2: Foul Ball, location: 2F 1-2: Foul Ball, location: 2F 1-2: Ground out 5-3 (Groundball, 5S, EV 68.1 MPH) Chris Stillions to second
|
|
Batting: SHB Rich Muniz
|
0-0: Ball 1-0: Fly out, F7 (Line Drive, 7D, EV 103.8 MPH)
|
| Top of the 4th over - 0 runs, 0 hits, 0 errors, 1 left on base; Nashville 0 - Tacoma 0 |
| BOTTOM OF THE 4TH |
|
Tacoma Rainiers batting - Pitching for Nashville Sounds : RHP Reynaldo Edwards
|
|
Pitching: RHP Joe Spampinato
|
|
|
Batting: RHB Kevin Chafe
|
0-0: Swinging Strike 0-1: Reached on error, E5 (Groundball, 56, EV 86.2 MPH)
|
|
Batting: LHB Caleb Domino
|
Pickoff Throw to First - Error! E1 Kevin Chafe to second 0-0: Ground out 1-3 (Groundball, 15S, EV 66.2 MPH)
|
|
Batting: RHB Bill Vives
|
0-0: Ball 1-0: Foul Ball, location: 2F 1-1: Swinging Strike 1-2: Strikes out swinging
|
|
Batting: RHB David Aguilar
|
0-0: Ball 1-0: Swinging Strike 1-1: SINGLE (Groundball, 34D, EV 102.5 MPH) Kevin Chafe to third Runner from 3rd tries for Home, SAFE, throw by RF to home
|
|
Batting: RHB Jim Begger
|
0-0: Ball David Aguilar steals 2nd base (no throw) 1-0: Ball 2-0: Ball 3-0: Base on Balls
|
|
Batting: RHB Sumiki Ryu
|
0-0: Ball 1-0: Fly out, F9 (Line Drive, 9, EV 85.6 MPH)
|
| Bottom of the 4th over - 1 run, 1 hit, 2 errors, 2 left on base; Nashville 0 - Tacoma 1 |
| TOP OF THE 5TH |
|
Nashville Sounds batting - Pitching for Tacoma Rainiers : RHP Amine Laurent
|
|
Batting: RHB Jorge Bernal
|
0-0: Called Strike 0-1: Bunt missed! 0-2: SINGLE (Flyball, 3D, EV 85.6 MPH)
|
|
Batting: SHB Josh Thorpe
|
0-0: Ball 1-0: Called Strike 1-1: Foul Ball, location: 2F 1-2: Strikes out swinging
|
|
Batting: RHB Hyeong-uk Lyang
|
0-0: Ball 1-0: Ball 2-0: Called Strike 2-1: Called Strike 2-2: Ball 3-2: Strikes out swinging
|
|
Batting: RHB Dunlang Clark
|
0-0: Ball 1-0: Fielders Choice at 2nd, 6-4 (Groundball, 6, EV 86.9 MPH)
|
| Top of the 5th over - 0 runs, 1 hit, 0 errors, 1 left on base; Nashville 0 - Tacoma 1 |
| BOTTOM OF THE 5TH |
|
Tacoma Rainiers batting - Pitching for Nashville Sounds : RHP Joe Spampinato
|
|
Batting: RHB Matt Berkley
|
0-0: Fly out, F9 (Flyball, 9, EV 93.1 MPH)
|
|
Batting: RHB Tatsunori Hayakawa
|
0-0: Called Strike 0-1: Foul Ball, location: 2F 0-2: Ball 1-2: SINGLE (Line Drive, 78M, EV 106.9 MPH)
|
|
Batting: RHB Kumar Madugula
|
0-0: Ball 1-0: Called Strike 1-1: Called Strike Tatsunori Hayakawa is caught stealing 2nd base 2-4 1-2: Ground out 6-3 (Groundball, 6, EV 106.2 MPH)
|
| Bottom of the 5th over - 0 runs, 1 hit, 0 errors, 0 left on base; Nashville 0 - Tacoma 1 |
| TOP OF THE 6TH |
|
Nashville Sounds batting - Pitching for Tacoma Rainiers : RHP Amine Laurent
|
|
Batting: LHB Zachary DeLuca
|
0-0: Foul Ball, location: 2F 0-1: Ball 1-1: Foul Ball, location: 2F 1-2: Ball 2-2: Ground out 1-3 (Groundball, 13S, EV 68.1 MPH)
|
|
Batting: RHB Robby Godwin
|
0-0: Called Strike 0-1: Ground out 5-3 (Groundball, 56S, EV 62.5 MPH)
|
|
Batting: RHB Chris Stillions
|
0-0: Ball 1-0: Swinging Strike 1-1: Foul Ball, location: 2F 1-2: Strikes out looking
|
| Top of the 6th over - 0 runs, 0 hits, 0 errors, 0 left on base; Nashville 0 - Tacoma 1 |
| BOTTOM OF THE 6TH |
|
Tacoma Rainiers batting - Pitching for Nashville Sounds : RHP Joe Spampinato
|
|
Batting: RHB Kevin Chafe
|
0-0: Called Strike 0-1: Ball 1-1: Ball 2-1: Ball 3-1: Ground out 6-3 (Groundball, 6S, EV 81.2 MPH)
|
|
Batting: LHB Caleb Domino
|
0-0: Ball 1-0: Ball 2-0: Ball 3-0: Called Strike 3-1: Swinging Strike 3-2: Foul Ball, location: 2F 3-2: DOUBLE (Flyball, 8RXD, EV 102.5 MPH)
|
|
Batting: RHB Bill Vives
|
0-0: Ball 1-0: Ball 2-0: Foul Ball, location: 2F 2-1: Fly out, F4 (Line Drive, 4, EV 66.9 MPH)
|
|
Pitching: RHP Chad Pfeiffer
|
|
|
Batting: RHB David Aguilar
|
0-0: Ball 1-0: Ball 2-0: Foul Ball, location: 2F 2-1: Foul Ball, location: 2F 2-2: Foul Ball, location: 2F 2-2: Foul Ball, location: 2F 2-2: SINGLE (Groundball, 34D, EV 102.5 MPH) Caleb Domino to third Runner from 3rd tries for Home, SAFE, throw by RF to home
|
|
Batting: RHB Jim Begger
|
0-0: Ball 1-0: Called Strike 1-1: Ball 2-1: Ball 3-1: Fly out, F9 (Flyball, 89M, EV 75.0 MPH)
|
| Bottom of the 6th over - 1 run, 2 hits, 0 errors, 1 left on base; Nashville 0 - Tacoma 2 |
| TOP OF THE 7TH |
|
Nashville Sounds batting - Pitching for Tacoma Rainiers : RHP Amine Laurent
|
|
Batting: RHB Dusty Thompson
|
0-0: Ball 1-0: Called Strike 1-1: Ground out 5-3 (Groundball, 56, EV 99.4 MPH)
|
|
Batting: SHB Rich Muniz
|
0-0: Called Strike 0-1: Foul Ball, location: 2F 0-2: Ball 1-2: Foul Ball, location: 2F 1-2: Strikes out swinging
|
|
Batting: RHB Jorge Bernal
|
0-0: Called Strike 0-1: Fly out, F9 (Flyball, 9D, EV 105.6 MPH)
|
| Top of the 7th over - 0 runs, 0 hits, 0 errors, 0 left on base; Nashville 0 - Tacoma 2 |
| BOTTOM OF THE 7TH |
|
Tacoma Rainiers batting - Pitching for Nashville Sounds : RHP Chad Pfeiffer
|
|
Batting: RHB Sumiki Ryu
|
0-0: Called Strike 0-1: Called Strike 0-2: Foul Ball, location: 2F 0-2: Ground out 6-3 (Groundball, 6, EV 93.1 MPH)
|
|
Batting: RHB Matt Berkley
|
0-0: Ball 1-0: Ground out 5-3 (Groundball, 5, EV 78.8 MPH)
|
|
Batting: RHB Tatsunori Hayakawa
|
0-0: Ball 1-0: Called Strike 1-1: Swinging Strike 1-2: Strikes out swinging
|
| Bottom of the 7th over - 0 runs, 0 hits, 0 errors, 0 left on base; Nashville 0 - Tacoma 2 |
| TOP OF THE 8TH |
|
Nashville Sounds batting - Pitching for Tacoma Rainiers : RHP Amine Laurent
|
|
Batting: SHB Josh Thorpe
|
0-0: Swinging Strike 0-1: Ball 1-1: Called Strike 1-2: SINGLE (Groundball, 34, EV 103.1 MPH)
|
|
Pinch Hitting: SHB Quincy Bradford
|
0-0: Called Strike 0-1: Ball 1-1: SINGLE (Groundball, 6S, EV 68.8 MPH) (infield hit) Josh Thorpe to second
|
|
Batting: RHB Dunlang Clark
|
0-0: Sac Bunt to 25 - play at first, batter safe! Josh Thorpe to third Quincy Bradford to second
|
|
Pitching: RHP Dave McGee
|
|
|
Batting: LHB Zachary DeLuca
|
0-0: Called Strike 0-1: Swinging Strike 0-2: SINGLE (Groundball, 34, EV 99.4 MPH) Josh Thorpe scores Quincy Bradford to third Dunlang Clark to second
|
|
Batting: RHB Robby Godwin
|
0-0: Called Strike 0-1: Swinging Strike 0-2: Foul Ball, location: 2F 0-2: Ball 1-2: Ball 2-2: Strikes out swinging
|
|
Batting: RHB Chris Stillions
|
0-0: Ball 1-0: Called Strike 1-1: Ball 2-1: Fly out, F8 (Flyball, 89M, EV 80.0 MPH) Runner from 3rd tags up, SCORES, throw by CF
|
|
Batting: RHB Dusty Thompson
|
0-0: Ball 1-0: Foul Ball, location: 2F 1-1: 3-RUN HOME RUN (Flyball, 9D, EV 99.4 MPH), Distance : 372 ft
|
|
Batting: SHB Rich Muniz
|
0-0: Ball 1-0: Ball 2-0: Ball 3-0: Base on Balls
|
|
Batting: RHB Jorge Bernal
|
0-0: Called Strike 0-1: Ball Rich Muniz steals 2nd, throwing error, E2 Rich Muniz to third 1-1: Swinging Strike 1-2: Ball 2-2: Hit by Pitch
|
|
Batting: SHB Josh Thorpe
|
Pickoff Throw to First - Out! 1-3
|
| Top of the 8th over - 5 runs, 5 hits, 1 error, 1 left on base; Nashville 5 - Tacoma 2 |
| BOTTOM OF THE 8TH |
|
Tacoma Rainiers batting - Pitching for Nashville Sounds : RHP Chad Pfeiffer
|
|
Pitching: RHP Ace Gaskins
|
|
|
Now at 1B: Zachary DeLuca
|
|
|
Now at SS: Carlos Lopez
|
|
|
Batting: RHB Kumar Madugula
|
0-0: Ball 1-0: Fly out, F9 (Flyball, 9, EV 90.0 MPH)
|
|
Batting: RHB Kevin Chafe
|
0-0: Called Strike 0-1: Ball 1-1: Ball 2-1: Foul Ball, location: 2F 2-2: Ball 3-2: Foul Ball, location: 2F 3-2: Foul Ball, location: 2F 3-2: SINGLE (Line Drive, 7S, EV 101.9 MPH)
|
|
Batting: LHB Caleb Domino
|
0-0: Ball 1-0: Ball 2-0: Swinging Strike 2-1: Foul Ball, location: 2F 2-2: Ball 3-2: Base on Balls Kevin Chafe to second
|
|
Batting: RHB Bill Vives
|
0-0: Ball 1-0: Ball 2-0: Called Strike 2-1: SINGLE (Groundball, 5S, EV 65.0 MPH) (infield hit) Kevin Chafe to third Caleb Domino to second
|
|
Batting: RHB David Aguilar
|
0-0: Ball 1-0: Ball 2-0: Foul Ball, location: 2F 2-1: Called Strike 2-2: Strikes out swinging
|
|
Pinch Hitting: SHB Ismael Bello
|
0-0: SINGLE (Groundball, 4MD, EV 96.9 MPH) Kevin Chafe scores Caleb Domino to third Bill Vives to second Runner from 3rd tries for Home, SAFE, throw by CF to home
|
|
Batting: RHB Sumiki Ryu
|
0-0: Ball 1-0: Ball 2-0: Called Strike 2-1: Fielders Choice at 2nd, 6-4 (Groundball, 6, EV 78.1 MPH)
|
| Bottom of the 8th over - 2 runs, 3 hits, 0 errors, 2 left on base; Nashville 5 - Tacoma 4 |
| TOP OF THE 9TH |
|
Nashville Sounds batting - Pitching for Tacoma Rainiers : RHP Dave McGee
|
|
Pitching: RHP Kenzaburo Yoneyama
|
|
|
Now at 3B: Ismael Bello
|
|
|
Batting: SHB Josh Thorpe
|
0-0: Ball 1-0: Fly out, F8 (Flyball, 8LM, EV 79.4 MPH)
|
|
Batting: RHB Carlos Lopez
|
0-0: Ball 1-0: SINGLE (Groundball, 56S, EV 72.5 MPH) (infield hit)
|
|
Batting: RHB Dunlang Clark
|
0-0: Ball 1-0: Ball 2-0: Called Strike 2-1: DOUBLE (Groundball, 5L, EV 105.0 MPH) Carlos Lopez to third Runner from 3rd tries for Home, throw by LF and OUT! 7-6-2
|
|
Batting: LHB Zachary DeLuca
|
0-0: Ball 1-0: Ground out 1-3 (Groundball, 13S, EV 71.9 MPH)
|
| Top of the 9th over - 0 runs, 2 hits, 0 errors, 1 left on base; Nashville 5 - Tacoma 4 |
| BOTTOM OF THE 9TH |
|
Tacoma Rainiers batting - Pitching for Nashville Sounds : RHP Ace Gaskins
|
|
Pitching: RHP Jake Gregor
|
|
|
Pinch Hitting: SHB Tony de Lara
|
0-0: Ball 1-0: Called Strike 1-1: Called Strike 1-2: Foul Ball, location: 2F 1-2: Foul Ball, location: 2F 1-2: Ball 2-2: Ball 3-2: Base on Balls
|
|
Batting: RHB Tatsunori Hayakawa
|
0-0: Bunted foul 0-1: Bunted foul 0-2: Ball Passed Ball! Tony de Lara to second 1-2: Foul Ball, location: 2F 1-2: Foul Ball, location: 2F 1-2: Ground out 6-3 (Groundball, 6, EV 91.9 MPH) Tony de Lara to third
|
|
Batting: RHB Kumar Madugula
|
0-0: Called Strike 0-1: Called Strike 0-2: Strikes out swinging
|
|
Batting: RHB Kevin Chafe
|
0-0: Ground out 6-3 (Groundball, 6, EV 88.8 MPH)
|
| Bottom of the 9th over - 0 runs, 0 hits, 0 errors, 1 left on base; Nashville 5 - Tacoma 4 |
|